 Dungeon Crawl Stone Soup version 0.27-a0-1230-gfc7c993222 (webtiles) character file.

Game seed: 3555868902161162488

114716 Feb132020 the Earth Mage (level 16, -4/90 HPs)
             Began as a Gargoyle Earth Elementalist on June 7, 2021.
             Was a High Priest of Vehumet.
             Slain by an eight-headed hydra (12 damage)
             ... called by a spriggan druid
             ... on level 4 of the Swamp on June 8, 2021.
             The game lasted 03:03:37 (36701 turns).

Feb132020 the Earth Mage (GrEE)                    Turns: 36701, Time: 03:03:37

Health: -4/90      AC: 23    Str: 19    XL:     16   Next: 66%
Magic:  8/32       EV: 15    Int: 23    God:    Vehumet [*****.]
Gold:   1039       SH: 12    Dex: 17    Spells: 3/39 levels left

rFire    + . .     SeeInvis .   a - +6 whip (venom)
rCold    . . .     Faith    .   e - +2 buckler {AC+3}
rNeg     + + .     Spirit   .   B - +2 robe {Will+}
rPois    ∞         Reflect  +   Q - +2 hat
rElec    +         Harm     .   (no cloak)
rCorr    +         Rampage  +   E - +0 pair of gloves
Will     ++...                  Y - +0 pair of boots of the Butterfly {Rampage rN+ Int+2 Dex+6}
Stlth    +++.......             U - amulet of reflection
HPRegen  0.25/turn              o - ring of Miqiz {rCorr Str+6}
MPRegen  0.23/turn              W - ring "Ocigg" {Wiz rF+}

@: flying
A: sickness immunity, AC +12, big wings, negative energy resistance 1,
electricity resistance, torment resistance 1, petrification resistance
a: Renounce Religion


You were on level 4 of the Swamp.
You worshipped Vehumet.
Vehumet was extremely pleased with you.
You visited 5 branches of the dungeon, and saw 25 of its levels.

You collected 3071 gold pieces.
You spent 2032 gold pieces at shops.

Inventory:

Hand Weapons
 a - a +6 whip of venom (weapon)
 b - the +7 whip "Atic" {drain, rPois rC++ Dex-3}
   (You found it on level 1 of the Lair of Beasts)

   A truly terrible weapon, it drains the life of those it strikes.
   It affects your dexterity (-3).
   It greatly protects you from cold.
   It protects you from poison.
Missiles
 y - 625 stones
 X - 4 boomerangs of dispersal
Armour
 d - +0 steam dragon scales
 e - a +2 buckler of protection (worn)
 i - a +1 pair of boots of rampaging
 B - a +2 robe of willpower (worn)
 E - a +0 pair of gloves (worn)
 F - a +0 leather armour of positive energy
 G - +0 acid dragon scales
 O - a +0 kite shield
 Q - a +2 hat (worn)
 V - a +2 robe of fire resistance
 Y - the +0 pair of boots of the Butterfly (worn) {Rampage rN+ Int+2 Dex+6}
   (You bought it in a shop on level 2 of the Orcish Mines)

   It affects your intelligence (+2).
   It affects your dexterity (+6).
   It protects you from negative energy.
   It bestows one free step when moving towards enemies.
Jewellery
 k - a ring of see invisible
 l - a ring of willpower
 o - the ring of Miqiz (left hand) {rCorr Str+6}
   (You bought it in a shop on level 10 of the Dungeon)

   [ring of strength]

   It affects your strength (+6).
   It protects you from acid and corrosion.
 s - an amulet of magic regeneration
 u - a ring of willpower
 D - a ring of protection from fire
 J - a +6 ring of intelligence
 N - a +6 ring of intelligence
 U - an amulet of reflection (around neck)
 W - the ring "Ocigg" (right hand) {Wiz rF+}
   (You bought it in a shop on level 2 of the Orcish Mines)

   [ring of wizardry]

   It improves your spell success rate.
   It protects you from fire.
 Z - a +4 ring of evasion
Wands
 c - a wand of iceblast (5)
 q - a wand of charming (20)
 A - a wand of mindburst (14)
 C - a wand of polymorph (6)
 L - a wand of digging (14)
 P - a wand of paralysis (14)
 S - a wand of flame (70)
Scrolls
 f - 6 scrolls of identify
 n - 3 scrolls of magic mapping
 p - 5 scrolls of amnesia
 r - a scroll of summoning
 R - 3 scrolls of teleportation
Potions
 h - 2 potions of berserk rage
 j - 4 potions of curing
 m - 2 potions of heal wounds
 t - a potion of magic
 v - a potion of haste
 w - 5 potions of might
 x - 5 potions of lignification
 z - a potion of cancellation
 H - 2 potions of brilliance
 I - 10 potions of ambrosia
 K - a potion of mutation
Miscellaneous
 g - a phial of floods
 T - a condenser vane


   Skills:
 + Level 6.8 Fighting
 + Level 8.6 Maces & Flails
 + Level 4.9 Armour
 + Level 6.7 Dodging
 + Level 6.5 Stealth
 + Level 4.5 Shields
 - Level 0.1 Unarmed Combat
 + Level 12.3 Spellcasting
 * Level 15.6 Conjurations
 + Level 1.0 Transmutations
 * Level 3.6 Fire Magic
 * Level 17.4 Earth Magic
 + Level 0.3 Evocations


You had 3 spell levels left.
You knew the following spells:

 Your Spells              Type           Power      Damage    Failure   Level
a - Magic Dart            Conj           100%       1d8       0%          1
b - Stone Arrow           Conj/Erth      100%       3d13      0%          3
c - Iskenderun's Mystic   Conj/Tloc      50%        2d11      1%          4
d - Mephitic Cloud        Conj/Pois/Air  38%        N/A       1%          3
e - Dazzling Flash        Conj/Hex       100%       N/A       1%          3
f - Fireball              Conj/Fire      28%        3d12      1%          5
i - Iskenderun's Battles  Conj           72%        2d12      1%          5
l - Lee's Rapid Deconstr  Erth           38%        3d20*     1%          5
m - Bolt of Magma         Conj/Fire/Erth 31%        4d14      1%          5
p - Passwall              Tmut/Erth      45%        N/A       1%          2

Your spell library contained the following spells:

 Spells                   Type           Power      Damage    Failure   Level
 Sandblast                Erth           100%       2d20      0%          1
 Searing Ray              Conj           100%       3d7       0%          2
 Animate Skeleton         Necr           28%        N/A       1%          1
 Apportation              Tloc           28%        N/A       1%          1
 Corona                   Hex            15%        N/A       1%          1
 Foxfire                  Conj/Fire      100%       2x1d9     1%          1
 Pain                     Necr           56%        1d6       1%          1
 Summon Small Mammal      Summ           56%        N/A       1%          1
 Poisonous Vapours        Pois/Air       28%        N/A       1%          2
 Conjure Flame            Conj/Fire      56%        6-21      1%          3
 Blink                    Tloc           N/A        N/A       2%          2
 Call Imp                 Summ           14%        N/A       2%          2
 Ensorcelled Hibernation  Hex/Ice        28%        N/A       2%          2
 Slow                     Hex            14%        N/A       2%          2
 Call Canine Familiar     Summ           14%        N/A       5%          3
 Confusing Touch          Hex            14%        N/A       5%          3
 Gell's Gravitas          Tloc           7%         N/A       5%          3
 Lesser Beckoning         Tloc           7%         N/A       5%          3
 Summon Guardian Golem    Hex/Summ       14%        N/A       5%          3
 Teleport Other           Tloc           14%        N/A       5%          3
 Tukima's Dance           Hex            14%        N/A       5%          3
 Vampiric Draining        Necr           7%         2d7       5%          3
 Fulminant Prism          Conj/Hex       25%        3d14      1%          4
 Petrify                  Tmut/Erth      54%        N/A       1%          4
 Iron Shot                Conj/Erth      37%        9d7       1%          6
 Orb of Destruction       Conj           36%        9d13      1%          7
 Conjure Ball Lightning   Conj/Air       25%        3x3d7     3%          6
 Freezing Cloud           Conj/Ice/Air   19%        6-21      10%         6
 Yara's Violent Unravell  Hex/Tmut       8%         3d5       11%         5
 Spellforged Servitor     Conj/Summ      25%        N/A       16%         7
 Animate Dead             Necr           7%         N/A       17%         4
 Cause Fear               Hex            7%         N/A       17%         4
 Summon Ice Beast         Ice/Summ       14%        N/A       17%         4
 Summon Lightning Spire   Summ/Air       14%        N/A       17%         4
 Agony                    Necr           14%        N/A       43%         5
 Manifold Assault         Tloc           14%        N/A       43%         5
 Metabolic Englaciation   Hex/Ice        7%         N/A       43%         5
 Silence                  Hex/Air        7%         N/A       43%         5
 Dragon Form              Tmut           9%         N/A       100%        7
 Dragon's Call            Summ           7%         N/A       100%        9
 Tornado                  Air            7%         N/A       100%        9


Dungeon Overview and Level Annotations

Branches:
Dungeon (12/15)            Temple (1/1) D:6            Lair (6/6) D:8
  Swamp (4/4) Lair:4        Snake (0/4) Lair:3        Slime (0/5) Lair:5
    Orc (2/2) D:9             Elf (0/3) Orc:2

Altars:
Cheibriados
Gozag
Hepliaklqana
Kikubaaqudgha
Nemelex Xobeh
Okawaru
Qazlal
Ru
Trog
Vehumet
Xom
Yredelemnul
The Shining One

Shops:
D:1 :   D:5 [   D:10 =   Orc:2 *[?:

Portals:
Pandemonium: Orc:2

Annotations:
D:11 2 transporters, LordKittycat's ghost, journeyman DrCj
Lair:1 Torax's ghost, journeyman DsAE
Lair:4 3 runed translucent doors, Ytzathau's ghost, journeyman MiDe
Lair:6 Rupert
Swamp:4 3 runed translucent doors, Sergey's ghost, adept HOGl


Innate Abilities, Weirdness & Mutations

You are immune to sickness and miasma.
Your stone body is resilient. (AC +12)
You are immune to poison.
Your large and strong wings let you fly.
You resist negative energy. (rN+)
You are resistant to electric shocks. (rElec)
You are resistant to unholy torment.
You are immune to petrification.


Message History

The eight-headed hydra bites you but does no damage.
You block the eight-headed hydra's attack.
You feel much better.
The swamp dragon bites you but does no damage.
The swamp dragon claws you but does no damage.
The swamp dragon tramples you but does no damage.
The swamp drake breathes poison at you.
The noxious blast engulfs the swamp dragon but does no damage.
Casting: Bolt of Magma (safe; 1% risk of failure)
Confirm with . or Enter, or press ? or * to list all spells.
The swamp dragon is dazzled.
The seven-headed hydra is dazzled.
The eight-headed hydra bites you!
* * * LOW HITPOINT WARNING * * *
The eight-headed hydra barely misses you.
The eight-headed hydra bites you but does no damage.
The eight-headed hydra bites you!
* * * LOW HITPOINT WARNING * * *
The eight-headed hydra barely misses you.
You block the eight-headed hydra's attack. x2
The eight-headed hydra bites you.
* * * LOW HITPOINT WARNING * * *
You block the eight-headed hydra's attack.
The eight-headed hydra barely misses you.
The eight-headed hydra bites you but does no damage. x3
The eight-headed hydra barely misses you.
The eight-headed hydra bites you but does no damage.
The eight-headed hydra bites you.
* * * LOW HITPOINT WARNING * * *
The swamp dragon breathes poison at you.
The blast of poison misses you.
Unknown command.
The four-headed hydra barely misses you.
The four-headed hydra bites you.
* * * LOW HITPOINT WARNING * * *
You block the four-headed hydra's attack.
The four-headed hydra closely misses you.
You block the eight-headed hydra's attack. x3
The eight-headed hydra closely misses you.
The eight-headed hydra misses you. The eight-headed hydra bites you!
You die...

♣≈.♣♣♣♣♣♣♣♣♣♣
♣♣≈≈<.§≈..≈.≈♣♣ ≈§
♣♣♣≈≈≈≈§≈≈≈.≈§≈≈♣♣≈≈≈≈≈
♣≈.♣♣.♣.....≈≈≈.≈♣≈.§≈≈
♣♣♣♣♣♣♣....≈§≈≈§≈..≈≈≈≈
♣♣.≈≈≈≈§§≈≈..≈§≈≈
♣♣♣♣≈§≈≈≈≈.≈≈≈≈≈ .♣♣
♣☼.§☼☼≈≈≈.≈≈§ ≈§≈♣♣
♣♣☼@§§....§≈≈
.....≈♣♣♣♣DDD.....≈≈§
≈...§§≈.≈≈♣♣°°§....≈≈≈
§≈§≈≈≈≈≈≈♣♣°D°<≈≈.≈≈≈≈
≈≈≈≈≈≈≈≈≈≈♣♣°D°.≈≈≈≈≈≈≈
≈≈≈§≈≈≈≈≈...≈k°.≈≈≈≈≈≈≈
≈≈§≈≈≈≈≈§≈.≈≈≈≈≈≈≈≈≈≈≈≈
♣.≈≈≈≈≈≈≈..≈..≈≈...≈≈§
♣..≈≈≈≈≈≈≈...≈≈≈..♣.≈≈


You could see 2 eight-headed hydras, a seven-headed hydra (blind), a four-headed
hydra, a swamp dragon (blind, catching breath) and a swamp drake.

Vanquished Creatures
  An orc warlord (Orc:2)
  5 bunyips (Swamp:1)
  6 eleionomae
  A fire dragon (Lair:6)
  Harold (D:9)
  12 hydras
  Erolcha (D:11)
  A catoblepas (Lair:6)
  A boulder beetle (Lair:6)
  2 ogre magi
  2 ghost crabs
  8 alligators
  9 two-headed ogres
  6 death yaks
  8 orc high priests (Orc:2)
  10 spriggans
  3 sun demons (Orc:2)
  4 goliath frogs
  4 spriggan druids
  A gelid demonspawn (Orc:2)
  3 bog bodies
  2 infernal demonspawn (Orc:2)
  6 swamp dragons
  4 orc knights (Orc:2)
  4 oklob plants
  6 orc sorcerers
  A manticore (D:11)
  4 will-o-the-wisps
  An orange demon (Orc:2)
  11 elephants
  4 black mambas
  A torpor snail (Lair:6)
  3 rime drakes
  Maggie (D:6)
  11 cane toads
  A kobold demonologist (D:9)
  A hellwing (Orc:1)
  19 komodo dragons
  A red devil (Orc:2)
  A bloated husk (Swamp:2)
  A queen bee (Lair:4)
  3 polar bears
  3 meliai (Lair:4)
  4 trolls
  9 tyrant leeches
  6 hornets
  24 blink frogs
  5 slime creatures (D:12)
  4 dream sheep (Lair:5)
  A centaur simulacrum (D:10)
  A shadow (D:10)
  2 wraiths
  28 yaks
  Grum (D:8)
  Eustachio (D:4)
  2 wyverns
  7 basilisks
  A vampire mosquito (D:12)
  15 swamp worms
  2 steam dragons
  4 acid dragons (Lair:6)
  5 nagas (Lair:3)
  17 water moccasins
  Duvessa (D:5)
  A swamp drake (Swamp:2)
  33 orc warriors
  A sky beast (D:7)
  4 ice beasts
  A black bear (D:8)
  2 necrophages
  A centaur (D:9)
  12 ogres
  9 wolves
  A phantom (D:5)
  10 bullfrogs
  A wyvern zombie (D:7)
  3 scorpions
  A wyvern skeleton (D:7)
  Dowan (D:5)
  38 killer bees
  A water moccasin skeleton (D:5)
  5 wights (D:6)
  5 howler monkeys
  2 electric eels (Lair:3)
  2 bullfrog zombies (D:6)
  2 centaur zombies
  A bullfrog skeleton (D:5)
  31 orc priests
  6 hounds
  A centaur skeleton (D:4)
  9 iguanas
  18 orc wizards
  4 hell rats (Lair:6)
  A killer bee zombie (D:8)
  7 gnolls
  8 adders
  3 shadow imps
  2 white imps
  An ufetubus (D:10)
  3 worms
  3 dart slugs
  64 orcs
  4 ball pythons
  6 bats
  4 endoplasms
  2 giant cockroaches
  12 goblins
  9 hobgoblins
  5 jackals (D:1)
  5 kobolds
  2 frilled lizards
  2 rats
667 creatures vanquished.

Vanquished Creatures (collateral kills)
  A water moccasin (Lair:5)
1 creature vanquished.

Vanquished Creatures (others)
  A will-o-the-wisp (Swamp:2)
  A bloated husk (Swamp:2)
  A spriggan (Swamp:4)
  12 foxfires
  83 fungi
  120 plants
218 creatures vanquished.

Grand Total: 886 creatures vanquished

Notes
Turn   | Place    | Note
-------+----------+-------------------------------------------
     0 | D:1      | Feb132020 the Gargoyle Earth Elementalist began the quest
                  | for the Orb.
     0 | D:1      | Reached XP level 1. HP: 10/10 MP: 3/3
   319 | D:1      | Reached XP level 2. HP: 15/15 MP: 1/5
   364 | D:1      | Reached skill level 4 in Earth Magic
   648 | D:1      | Reached XP level 3. HP: 19/19 MP: 4/6
   708 | D:1      | Learned a level 3 spell: Stone Arrow
   711 | D:1      | Learned a level 2 spell: Passwall
   728 | D:1      | Found Cynex's Book Shop.
  1155 | D:2      | Reached skill level 1 in Conjurations
  1575 | D:2      | Reached XP level 4. HP: 22/24 MP: 7/7
  1774 | D:2      | Learned a level 1 spell: Magic Dart
  2295 | D:3      | Noticed an ogre
  2408 | D:3      | Reached XP level 5. HP: 28/28 MP: 4/8
  2554 | D:3      | Found a faded altar of an unknown god.
  3001 | D:3      | Killed an ogre
  3002 | D:3      | Reached skill level 1 in Maces & Flails
  3002 | D:3      | Reached XP level 6. HP: 33/33 MP: 5/9
  3563 | D:4      | Noticed a necrophage
  3567 | D:4      | Killed a necrophage
  3659 | D:4      | Noticed Eustachio
  3704 | D:4      | Killed Eustachio
  3705 | D:4      | Reached skill level 5 in Conjurations
  3705 | D:4      | Reached skill level 5 in Earth Magic
  3705 | D:4      | Reached XP level 7. HP: 32/37 MP: 9/11
  3879 | D:4      | Reached skill level 1 in Fighting
  4938 | D:5      | Entered Level 5 of the Dungeon
  5024 | D:5      | Reached XP level 8. HP: 26/43 MP: 5/13
  5284 | D:5      | Noticed Duvessa
  5834 | D:5      | Found Cetimnim's Armour Emporium.
  6011 | D:5      | Noticed Dowan
  6022 | D:5      | Killed Duvessa
  6128 | D:5      | Killed Dowan
  6247 | D:5      | Reached skill level 6 in Earth Magic
  6420 | D:5      | Identified 2 scrolls of acquirement
  6420 | D:5      | Acquired 547 gold pieces
  6421 | D:5      | Acquired 518 gold pieces
  6458 | D:5      | Bought a +0 pair of boots of rampaging for 149 gold pieces
  6996 | D:6      | Reached XP level 9. HP: 49/49 MP: 9/15
  7076 | D:6      | Found a staircase to the Ecumenical Temple.
  7104 | Temple   | Entered the Ecumenical Temple
  7113 | Temple   | Became a worshipper of Vehumet
  7157 | D:6      | Found a basalt altar of Yredelemnul.
  7252 | D:6      | Noticed Maggie
  7345 | D:6      | Killed Maggie
  7346 | D:6      | Reached skill level 5 in Stealth
  8117 | D:7      | Reached skill level 5 in Spellcasting
  8148 | D:7      | Learned a level 5 spell: Lee's Rapid Deconstruction
  8190 | D:7      | Noticed a two-headed ogre
  8217 | D:6      | Reached * piety under Vehumet
  8217 | D:6      | Offered knowledge of Shock by Vehumet.
  8254 | D:7      | Reached skill level 7 in Earth Magic
  8759 | D:7      | Killed a two-headed ogre
  8760 | D:7      | Reached skill level 5 in Maces & Flails
  8760 | D:7      | Reached XP level 10. HP: 56/56 MP: 7/18
  8883 | D:7      | Reached skill level 8 in Earth Magic
  9989 | D:8      | Reached skill level 9 in Earth Magic
 10078 | D:8      | Found a staircase to the Lair.
 10199 | D:8      | Offered knowledge of Freeze by Vehumet.
 10215 | D:8      | Noticed Grum
 10219 | D:8      | Reached ** piety under Vehumet
 10230 | D:8      | Killed Grum
 10800 | Lair:1   | Entered Level 1 of the Lair of Beasts
 10845 | Lair:1   | Noticed a cane toad
 10850 | Lair:1   | Killed a cane toad
 10851 | Lair:1   | Reached skill level 10 in Earth Magic
 10905 | Lair:1   | Reached XP level 11. HP: 61/61 MP: 18/21
 10968 | Lair:1   | Learned a level 5 spell: Iskenderun's Battlesphere
 11123 | Lair:1   | Noticed an oklob plant
 11258 | Lair:1   | Reached skill level 11 in Earth Magic
 12084 | Lair:1   | Found a runed translucent door.
 12086 | Lair:1   | Noticed Torax's ghost (journeyman DsAE)
 12414 | Lair:1   | Noticed an oklob plant
 12477 | Lair:1   | Killed an oklob plant
 12525 | Lair:1   | Killed an oklob plant
 12569 | Lair:1   | Noticed an oklob plant
 12678 | Lair:1   | Killed an oklob plant
 13091 | Lair:2   | Reached skill level 12 in Earth Magic
 13394 | Lair:2   | Reached skill level 5 in Dodging
 13394 | Lair:2   | Reached XP level 12. HP: 35/67 MP: 22/24
 13405 | Lair:2   | HP: 2/67 [blink frog (13)]
 13410 | Lair:2   | HP: 2/67 [blink frog (1)]
 13817 | Lair:1   | Identified the +7 whip "Atic" {drain, rPois rC++ Dex-3}
 14155 | Lair:2   | Offered knowledge of Dazzling Flash by Vehumet.
 14156 | Lair:2   | Reached skill level 1 in Armour
 14496 | Lair:3   | Noticed a five-headed hydra
 14509 | Lair:3   | Killed a five-headed hydra
 14654 | Lair:3   | Noticed a six-headed hydra
 14666 | Lair:2   | Reached skill level 5 in Fighting
 14770 | Lair:3   | Reached skill level 1 in Transmutations
 15039 | Lair:3   | Killed a six-headed hydra
 15159 | Lair:3   | Reached skill level 10 in Conjurations
 15286 | Lair:3   | Found a staircase to the Snake Pit.
 15838 | Lair:4   | Found a staircase to the Swamp.
 15897 | Lair:4   | Reached *** piety under Vehumet
 15904 | Lair:4   | Reached skill level 13 in Earth Magic
 15905 | Lair:4   | Offered knowledge of Ignite Poison by Vehumet.
 16250 | Lair:4   | Noticed a death yak
 16304 | Lair:4   | Noticed a death yak
 16304 | Lair:4   | Noticed a death yak
 16304 | Lair:4   | Noticed a death yak
 16304 | Lair:4   | Noticed a death yak
 16304 | Lair:4   | Noticed a death yak
 16391 | Lair:4   | Upgraded the game from 0.27-a0-1220-g54dba09ff7 to
                  | 0.27-a0-1230-gfc7c993222
 16410 | Lair:3   | Killed a death yak
 16522 | Lair:3   | Killed a death yak
 16523 | Lair:3   | Reached XP level 13. HP: 60/72 MP: 26/26
 17019 | Lair:4   | Learned a level 5 spell: Bolt of Magma
 17177 | Lair:4   | Found a runed translucent gate.
 17177 | Lair:4   | Found a runed translucent gate.
 17179 | Lair:4   | Found a runed translucent gate.
 17181 | Lair:4   | Noticed Ytzathau's ghost (journeyman MiDe)
 17534 | Lair:4   | Reached skill level 14 in Earth Magic
 17952 | Lair:5   | Reached **** piety under Vehumet
 18010 | Lair:5   | Found a staircase to the Slime Pits.
 18288 | Lair:4   | Offered knowledge of Lightning Bolt by Vehumet.
 19403 | Lair:6   | Entered Level 6 of the Lair of Beasts
 19492 | Lair:6   | Noticed Rupert
 19522 | Lair:5   | Reached skill level 10 in Spellcasting
 20105 | Lair:6   | Gained mutation: Your large and strong wings let you fly.
                  | [Gargoyle growth]
 20105 | Lair:6   | Reached XP level 14. HP: 79/79 MP: 20/28
 20729 | Lair:6   | Reached skill level 15 in Earth Magic
 20843 | Lair:6   | Reached ***** piety under Vehumet
 20843 | Lair:6   | Offered knowledge of Starburst by Vehumet.
 23092 | D:9      | You are sucked into a shaft and drop 3 floors!
 23343 | D:11     | Noticed Erolcha
 23349 | D:11     | Killed Erolcha
 23713 | D:11     | Found a transporter.
 23738 | D:11     | Found a bloodstained altar of Trog.
 23740 | D:11     | Noticed LordKittycat's ghost (journeyman DrCj)
 23745 | D:11     | Found a transporter.
 23801 | D:10     | Entered Level 10 of the Dungeon
 23917 | D:10     | Found Vugyt's Jewellery Emporium.
 24208 | D:10     | Bought the ring of Miqiz {rCorr Str+6} for 995 gold pieces
 24445 | D:9      | Found a staircase to the Orcish Mines.
 24529 | D:9      | Noticed Harold
 24532 | D:9      | Killed Harold
 25167 | Orc:1    | Entered Level 1 of the Orcish Mines
 25511 | Orc:2    | Entered Level 2 of the Orcish Mines
 26246 | Orc:1    | Offered knowledge of Iskenderun's Mystic Blast by Vehumet.
 26261 | Orc:1    | Reached skill level 16 in Earth Magic
 26287 | Orc:1    | Reached XP level 15. HP: 48/84 MP: 13/30
 27049 | Orc:2    | Learned a level 4 spell: Iskenderun's Mystic Blast
 27053 | Orc:2    | Learned a level 3 spell: Mephitic Cloud
 27117 | Orc:2    | Found Wutod's Magic Scroll Shoppe.
 27120 | Orc:2    | Found Voru's General Store.
 27361 | Orc:2    | Bought the ring "Ocigg" {Wiz rF+} for 660 gold pieces
 27524 | Orc:2    | Reached skill level 1 in Shields
 28465 | Orc:2    | Noticed an orc warlord
 28592 | Orc:2    | Killed an orc warlord
 29295 | Orc:2    | Offered knowledge of Ozocubu's Refrigeration by Vehumet.
 30280 | Orc:2    | Found a staircase to the Elven Halls.
 30702 | Orc:2    | Found Tyuguh's Antique Armour Shop.
 30702 | Orc:2    | Found Joettots's Book Boutique.
 30703 | Orc:2    | Found a one-way gate leading to the halls of Pandemonium.
 30705 | Orc:2    | Bought a pair of ichor-stained boots for 228 gold pieces
 30705 | Orc:2    | Identified the +0 pair of boots of the Butterfly {Rampage
                  | rN+ Int+2 Dex+6} (You bought it in a shop on level 2 of the
                  | Orcish Mines)
 30904 | Swamp:1  | Entered Level 1 of the Swamp
 31374 | Swamp:1  | Learned a level 3 spell: Dazzling Flash
 32550 | Swamp:2  | Reached skill level 17 in Earth Magic
 32550 | Swamp:2  | Reached XP level 16. HP: 63/90 MP: 11/31
 32733 | Swamp:2  | Reached skill level 1 in Fire Magic
 32748 | Swamp:1  | HP: 3/90 [bog body (26)]
 32752 | Swamp:1  | Offered knowledge of Fireball by Vehumet.
 32753 | Swamp:1  | Reached skill level 15 in Conjurations
 32759 | Swamp:1  | Learned a level 5 spell: Fireball
 35210 | Swamp:3  | Acquired a +2 buckler of protection
 35922 | Swamp:4  | Entered Level 4 of the Swamp
 36572 | Swamp:4  | Noticed Sergey's ghost (adept HOGl)
 36593 | Swamp:4  | Found a runed translucent gate.
 36594 | Swamp:4  | Found a runed translucent gate.
 36595 | Swamp:4  | Found a runed translucent gate.
 36597 | Swamp:4  | Identified the amulet "Rase Esesm" {Spirit *Corrode Int+5}
 36701 | Swamp:4  | Slain by an eight-headed hydra

Illustrated notes

Levels and vault maps discovered:
D:1:      psy_arrival_conway, layout_rooms, serial_shops, shop
D:2:      layout_basic, minmay_misc_feat_hallway, kennysheep_generic_room_2
D:3:      layout_basic, hellmonk_ecumenical_altar_inner_sanctum,
          minmay_door_square
D:4:      layout_layer_cave, uniq_eustachio
D:5:      layout_loops_ring, serial_shops, kennysheep_mini, chequers_avenue,
          uniq_duvessa
D:6:      layout_basic, lemuel_tele_altar, minmay_temple_entry_ruins,
          chequers_serial_rivers_micro_c, uniq_maggie
D:7:      layout_gridville, uniq_pikel
D:8:      layout_layer_cave, due_lair_maze_entry_diamond, uniq_grum
D:9:      layout_rooms, orc_0_dummy, uniq_harold
D:10:     layout_rooms, serial_shops, shop, serial_ice, serial_ice_f,
          serial_ice_o, serial_ice_l, serial_ice_d
D:11:     layout_basic, gammafunk_ghost_wrathful_warriors, dk_noncrumbling_3,
          uniq_erolcha
D:12:     layout_basic, serial_corexii_hall, corexii_hall_statues_i,
          corexii_hall_statues_s, chequers_hall_statues_y,
          nicolae_qazlal_eye_of_the_storm
Temple:   grunt_wide_crystal_templ
Lair:1:   layout_long_grid, ebering_ghost_inner_flame, grunt_megastairs_4,
          minmay_lair_oklob_chamber, infiniplex_staircase_pool
Lair:2:   layout_concentric_octagons, chequers_serial_rivers_large_a,
          chequers_serial_rivers_marsh
Lair:3:   layout_cave_pods, minmay_snake_entry_guardpost_large,
          serial_bayou_shore_a, serial_bayou_shore_b, lemuel_fruit_fields
Lair:4:   layout_cave_pods, swamp_mist, gammafunk_ghost_hydra_chop, special_room
          [special_room_bee], grunt_megastairs_5
Lair:5:   layout_hall_layers, minmay_slime_entry_oklob_open,
          serial_bayou_shore_b
Lair:6:   guppyfry_lair_end_dragon, layout_regular_city, minivault_27,
          st_stairs_13, grunt_megastairs_2, uniq_rupert
Swamp:1:  layout_basic_swamp, hangedman_swamp_cone
Swamp:2:  layout_basic_swamp, nicolae_swamp_big_swirl
Swamp:3:  layout_basic_swamp, nicolae_swamp_triple_paths, swamp_pool4,
          ldierk_geyser
Swamp:4:  swamp, layout_basic_swamp, gammafunk_ghost_split
Orc:1:    layout_diamond_mine
Orc:2:    pf_orc_diabolical, layout_diamond_mine, mines_bat_river

Skill      XL: |  1  2  3  4  5  6  7  8  9 10 11 12 13 14 15 16 |
---------------+-------------------------------------------------+-----
Earth Magic    | 4 5 6 7 10 12 13 14 16 17 | 17.4
Conjurations   | 2 3 4 5 6 7 8 9 10 12 13 14 15 | 15.6
Dodging        | 2 3 4 5 6 |  6.7
Maces & Flails | 1 2 3 5 6 7 8 |  8.6
Stealth        | 3 4 5 6 |  6.5
Spellcasting   | 3 4 5 7 8 9 10 11 12 | 12.3
Fighting       | 1 2 3 4 5 6 |  6.8
Armour         | 3 4 |  4.9
Transmutations | 1 |  1.0
Shields        | 4 |  4.5
Fire Magic     | 3 |  3.6
Unarmed Combat | |  0.1
Evocations     | |  0.3

Action                   |  1- 3 |  4- 6 |  7- 9 | 10-12 | 13-15 | 16-18 || total
-------------------------+-------+-------+-------+-------+-------+-------++-------
Melee: Unarmed           |    12 |       |       |       |       |       ||    12
       Whip              |    29 |   136 |   238 |   255 |   621 |   137 ||  1416
       Club              |    19 |       |       |       |       |       ||    19
 Cast: Sandblast         |    25 |     7 |    15 |    45 |    51 |       ||   143
       Stone Arrow       |       |     9 |    59 |   135 |   199 |    10 ||   412
       Magic Dart        |       |       |     5 |    89 |   217 |    46 ||   357
       Lee's Rapid Decon |       |       |       |    32 |       |       ||    32
       Passwall          |       |       |       |     4 |     1 |       ||     5
       Iskenderun's Batt |       |       |       |     5 |   147 |    32 ||   184
       Bolt of Magma     |       |       |       |       |   114 |    70 ||   184
       Mephitic Cloud    |       |       |       |       |     1 |       ||     1
       Dazzling Flash    |       |       |       |       |       |     3 ||     3
Evoke: Wand              |       |       |     1 |       |       |     2 ||     3
       Condenser vane    |       |       |       |       |     1 |       ||     1
  Use: Scroll            |       |     2 |    11 |    13 |    10 |     4 ||    40
       Potion            |       |       |     1 |     4 |       |     3 ||     8
 Stab: Sleeping          |     1 |     4 |     8 |     5 |     5 |     2 ||    25
       Distracted        |       |     1 |       |       |     1 |       ||     2
       Invisible         |       |       |       |       |       |     1 ||     1
Armor: Robe              |    20 |    67 |    89 |   104 |   138 |    69 ||   487
       Acid dragon scale |       |       |       |    75 |   122 |       ||   197
Dodge: Dodged            |    37 |    89 |   160 |   268 |   239 |    66 ||   859
Block: Buckler           |       |       |       |    30 |   100 |    53 ||   183
       Kite shield       |       |       |       |       |   231 |    49 ||   280
       Reflection        |       |       |       |       |    12 |     9 ||    21

Table legend: (Time is in decaauts)
 A = Elapsed time spent in this place.
 B = Non-inter-level travel time spent in this place.
 C = Inter-level travel time spent in this place.
 D = Time resting spent in this place.
 E = Time spent auto-exploring this place.
 F = Levels seen in this place.
 G = Mean time per level.
                   A        B        C        D        E       F      G
               +--------+--------+--------+--------+--------+-----+--------+
         Total |  36648 |  35185 |   1463 |   3536 |  25993 |  25 | 1465.9 |
       Dungeon |  13153 |  12577 |    576 |   1027 |   9578 |  12 | 1096.1 |
        Temple |     18 |      9 |      9 |      0 |      1 |   1 |   18.0 |
          Lair |  12314 |  11633 |    681 |    915 |   8811 |   6 | 2052.3 |
         Swamp |   5770 |   5659 |    111 |    992 |   3926 |   4 | 1442.5 |
  Orcish Mines |   5392 |   5308 |     84 |    602 |   3677 |   2 | 2696.0 |
               +--------+--------+--------+--------+--------+-----+--------+

Top non-repeatable levels by time:
   Orc:2: 3998 daAuts
  Lair:6: 3161 daAuts
  Lair:1: 2693 daAuts
  Lair:4: 2316 daAuts
 Swamp:1: 1910 daAuts
 Swamp:3: 1745 daAuts
     D:4: 1646 daAuts
 Swamp:2: 1610 daAuts
     D:7: 1564 daAuts
  Lair:3: 1480 daAuts
     D:5: 1469 daAuts
     D:6: 1456 daAuts
  Lair:5: 1434 daAuts
   Orc:1: 1393 daAuts
     D:8: 1345 daAuts
